[Event "1st SOA-GM Festival 2024"]
[Site "Bhubaneswar"]
[Date "2024.02.01"]
[Round "1.1"]
[White "Ghosh, Diptayan"]
[Black "John Veny Akkarakaran"]
[Result "1-0"]
[WhiteElo "2568"]
[BlackElo "2112"]
[PlyCount "147"]
[EventDate "2024.02.01"]
[EventType "swiss"]
[EventCountry "IND"]
[TimeControl "5400+30"]

1. Nf3 Nf6 2. c4 e6 3. Nc3 d5 4. e3 Be7 5. b3 O-O 6. Bb2 c5 7. cxd5 exd5 8. d4 Nc6 9. Be2 Ne4 10. dxc5 Qa5 11. Rc1 Bf6 12. Nd4 Nxc5 13. Nxc6 bxc6 14. O-O Ne4 15. Qc2 Nxc3 16. Bxc3 Bxc3 17. Qxc3 Qxa2 18. Rc2 Qa3 19. Ra1 Qd6 20. Qxc6 Qxc6 21. Rxc6 Rb8 22. Rc3 Be6 23. Rxa7 d4 24. exd4 Rfd8 25. h3 Rxd4 26. Bc4 Rd6 27. Rf3 Bxc4 28. bxc4 Rf8 29. Rc7 Rd1+ 30. Kh2 Rc1 31. Kg3 Rc2 32. Rf4 Rc3+ 33. Rf3 Rc2 34. h4 g6 35. Kf4 Re8 36. g4 h6 37. Kg3 Rf8 38. g5 hxg5 39. hxg5 Kg7 40. Rf6 Kg8 41. Kf3 Ra8 42. Ke4 Rd8 43. c5 Rc4+ 44. Ke5 Rc2 45. f3 Re2+ 46. Kf4 Rd4+ 47. Kg3 Re5 48. c6 Rxg5+ 49. Kf2 Rc5 50. f4 g5 51. fxg5 Rdd5 52. g6 fxg6 53. Rxg6+ Kf8 54. Rh6 Rh5 55. Rf6+ Ke8 56. Re6+ Kf8 57. Rd6 Rhd5 58. Rxd5 Rxd5 59. Rh7 Rc5 60. c7 Ke8 61. Ke3 Rc1 62. Kd4 Rc2 63. Kd5 Rc1 64. Kd6 Rd1+ 65. Kc6 Rc1+ 66. Kb7 Rb1+ 67. Kc8 Rb2 68. Rh1 Ke7 69. Re1+ Kf6 70. Re4 Kf5 71. Re7 Kf6 72. Kd8 Rh2 73. c8=Q Rh8+ 74. Re8 1-0

[Event "1st SOA-GM Festival 2024"]
[Site "Bhubaneswar"]
[Date "2024.02.01"]
[Round "1.2"]
[White "Andyka, Pitra"]
[Black "Fawzy, Adham"]
[Result "0-1"]
[WhiteElo "2105"]
[BlackElo "2522"]
[PlyCount "82"]
[EventDate "2024.02.01"]
[EventType "swiss"]
[EventCountry "IND"]
[TimeControl "5400+30"]

1. e4 c5 2. Nc3 Nc6 3. Bb5 Nd4 4. Nf3 a6 5. Bd3 g6 6. Nxd4 cxd4 7. Ne2 d5 8. exd5 Qxd5 9. O-O Bg7 10. c3 Nh6 11. Ng3 O-O 12. Re1 Ng4 13. h3 Ne5 14. Be4 Qd6 15. cxd4 Qxd4 16. d3 f5 17. Bf3 Nxf3+ 18. Qxf3 e5 19. Be3 Qxd3 20. Rad1 Qb5 21. Rd5 Qxb2 22. Bc5 e4 23. Qd1 Re8 24. Rd2 Qb5 25. Bd4 Bxd4 26. Rxd4 Be6 27. Qd2 Qe5 28. Rd1 e3 29. Qb2 b5 30. f4 Qf6 31. Qa3 Bc4 32. Rd6 Re6 33. Rxe6 Qxe6 34. Qc5 e2 35. Re1 Rd8 36. Kf2 Qd6 37. Qxd6 Rxd6 38. Nxe2 Rd2 39. Ke3 Rxe2+ 40. Rxe2 Bxe2 41. Kxe2 Kf7 0-1

[Event "1st SOA-GM Festival 2024"]
[Site "Bhubaneswar"]
[Date "2024.02.01"]
[Round "1.3"]
[White "Das, Sayantan"]
[Black "Priyanka, Kumari"]
[Result "1-0"]
[WhiteElo "2514"]
[BlackElo "1881"]
[PlyCount "147"]
[EventDate "2024.02.01"]
[EventType "swiss"]
[EventCountry "IND"]
[TimeControl "5400+30"]

1. e4 e5 2. Nf3 Nc6 3. Bb5 a6 4. Ba4 d6 5. O-O Bd7 6. c4 g6 7. d4 Bg7 8. Bg5 f6 9. Be3 exd4 10. Nxd4 Nge7 11. Nc3 O-O 12. c5 Nxd4 13. Bxd4 Bxa4 14. Qxa4 Nc6 15. Qb3+ Rf7 16. Be3 dxc5 17. Bxc5 b6 18. Be3 Na5 19. Qc2 Nc4 20. Bf4 c6 21. Ne2 b5 22. b3 Na5 23. Rad1 Qe8 24. h4 f5 25. Ng3 fxe4 26. Bd2 Nb7 27. Nxe4 Re7 28. Rde1 Rc8 29. h5 c5 30. h6 Be5 31. Bc3 Qf8 32. Re3 Rce8 33. Rfe1 Nd6 34. Nxc5 Bxc3 35. Qxc3 Re5 36. Re4 Rxe4 37. Rxe4 Qxh6 38. Rxe8+ Nxe8 39. Nxa6 Qg5 40. Nc5 Qd5 41. Nd3 Nd6 42. a4 Ne4 43. Qc8+ Kf7 44. Qc7+ Kg8 45. Qb8+ Kf7 46. Qxb5 Qxb5 47. axb5 Ke6 48. Kh2 Kd5 49. Kh3 Nd6 50. b6 Kd4 51. Nb2 Kc3 52. Nc4 Nb7 53. Kg4 Kxb3 54. Ne5 Kb4 55. Kg5 Kb5 56. Kh6 Kxb6 57. Kxh7 Kc5 58. Kxg6 Kd5 59. Kf6 Nd6 60. f3 Ne8+ 61. Kf5 Ng7+ 62. Kg6 Ne8 63. Ng4 Nd6 64. Nf6+ Ke5 65. Nh5 Nf5 66. f4+ Ke4 67. g4 Ne3 68. f5 Kf3 69. g5 Kg4 70. Ng7 Nc4 71. Kf6 Nd6 72. g6 Kf4 73. Ne6+ Kg4 74. g7 1-0

[Event "1st SOA-GM Festival 2024"]
[Site "Bhubaneswar"]
[Date "2024.02.01"]
[Round "1.4"]
[White "Nimay Agrawal"]
[Black "Savchenko, Boris"]
[Result "0-1"]
[WhiteElo "2067"]
[BlackElo "2489"]
[PlyCount "139"]
[EventDate "2024.02.01"]
[EventType "swiss"]
[EventCountry "IND"]
[TimeControl "5400+30"]

1. e4 g6 2. d4 Bg7 3. Nc3 d6 4. Nf3 Nf6 5. h3 O-O 6. Bc4 Nxe4 7. Nxe4 d5 8. Bd3 dxe4 9. Bxe4 Nd7 10. O-O c5 11. c3 cxd4 12. Nxd4 Nc5 13. Bc2 Qb6 14. Nb3 Na4 15. Qe2 e5 16. Be3 Qc7 17. Bd3 a6 18. f4 e4 19. Bxe4 Re8 20. Qf3 Nxb2 21. Bd4 Nc4 22. f5 Nd6 23. Bxg7 Kxg7 24. f6+ Kh8 25. Bc2 b5 26. Qg3 Bb7 27. h4 Re2 28. Rf2 Rxf2 29. Qxf2 Qxc3 30. Rd1 Ne4 31. Bxe4 Bxe4 32. Qd4 Qxd4+ 33. Rxd4 Bb1 34. Nc5 h5 35. a4 bxa4 36. Rxa4 a5 37. Nb3 Ra6 38. Rxa5 Rxf6 39. Nd2 Bd3 40. Nf3 Rf4 41. Rd5 Ba6 42. Rd4 Rf5 43. Ng5 Kg7 44. Rd7 Bc4 45. Rc7 Bd5 46. Rc5 Kf6 47. Ra5 Ke5 48. Nh3 Kd4 49. Ng5 Ke3 50. Ra3+ Kf4 51. g3+ Kg4 52. Rd3 f6 53. Nh7 Bg8 54. Nf8 g5 55. hxg5 fxg5 56. Nd7 Kh3 57. Re3 Ra5 58. Nf6 Ra1+ 59. Kf2 Bc4 60. g4+ Kh2 61. Re1 Ra2+ 62. Kf3 h4 63. Re5 Kg1 64. Re1+ Bf1 65. Nd5 Rf2+ 66. Ke4 h3 67. Ne3 h2 68. Rxf1+ Rxf1 69. Nxf1 h1=Q+ 70. Kd4 0-1

[Event "1st SOA-GM Festival 2024"]
[Site "Bhubaneswar"]
[Date "2024.02.01"]
[Round "1.5"]
[White "Fedorov, Alexei"]
[Black "Sambarta Banerjee"]
[Result "1-0"]
[WhiteElo "2457"]
[BlackElo "2064"]
[PlyCount "55"]
[EventDate "2024.02.01"]
[EventType "swiss"]
[EventCountry "IND"]
[TimeControl "5400+30"]

1. e4 c6 2. d4 d5 3. e5 Bf5 4. Nd2 e6 5. Nb3 Nd7 6. Nf3 a6 7. Be2 c5 8. c3 Rc8 9. dxc5 Nxc5 10. Nfd4 Be4 11. O-O Ne7 12. f3 Bg6 13. Nxc5 Rxc5 14. f4 h5 15. Be3 Rc8 16. g3 Qd7 17. a4 Nc6 18. Nb3 Be7 19. a5 h4 20. g4 h3 21. Nc5 Bxc5 22. Bxc5 Nxe5 23. Qd4 Qc6 24. b4 Nd7 25. Qxg7 Nxc5 26. Qxh8+ Kd7 27. Qxh3 Nb3 28. f5 1-0

[Event "1st SOA-GM Festival 2024"]
[Site "Bhubaneswar"]
[Date "2024.02.01"]
[Round "1.6"]
[White "Vaibhav Jayant Raut"]
[Black "Neelash Saha"]
[Result "1/2-1/2"]
[WhiteElo "2052"]
[BlackElo "2446"]
[PlyCount "81"]
[EventDate "2024.02.01"]
[EventType "swiss"]
[EventCountry "IND"]
[TimeControl "5400+30"]

1. c4 e6 2. Nf3 Nf6 3. g3 b6 4. Bg2 Bb7 5. O-O c5 6. b3 Be7 7. Bb2 O-O 8. Nc3 a6 9. d4 cxd4 10. Qxd4 Nc6 11. Qd2 Qc7 12. Rac1 Na5 13. Rfd1 Rfd8 14. Qc2 Rac8 15. Qb1 Qb8 16. Nd4 Bxg2 17. Kxg2 Qb7+ 18. Kg1 h5 19. h3 Nh7 20. Qe4 Qb8 21. Nf3 Nc6 22. Qf4 b5 23. Qxb8 Rxb8 24. cxb5 axb5 25. Ne4 Nb4 26. Be5 Ra8 27. Bc7 Rdc8 28. Bd6 Rxc1 29. Rxc1 Kf8 30. Rc7 Bxd6 31. Nxd6 Ke7 32. Nxb5 Rxa2 33. Nbd4 Nf6 34. Rb7 Nbd5 35. Kf1 Ne4 36. b4 f6 37. Nc6+ Ke8 38. Rb8+ Kf7 39. Rb7 Ke8 40. Rb8+ Kf7 41. Rb7 1/2-1/2

[Event "1st SOA-GM Festival 2024"]
[Site "Bhubaneswar"]
[Date "2024.02.01"]
[Round "1.7"]
[White "Sammed Jaykumar, Shete"]
[Black "Vrashank Chouhan"]
[Result "0-1"]
[WhiteElo "2441"]
[BlackElo "2046"]
[PlyCount "104"]
[EventDate "2024.02.01"]
[EventType "swiss"]
[EventCountry "IND"]
[TimeControl "5400+30"]

1. c4 e5 2. d3 Be7 3. Nc3 d6 4. g3 f5 5. Bg2 Nf6 6. e3 O-O 7. Nge2 c6 8. f4 a5 9. O-O Na6 10. b3 Qe8 11. Qd2 Bd8 12. Ba3 Nb4 13. Bb2 Bb6 14. d4 Ng4 15. Na4 Bc7 16. a3 Na6 17. e4 fxe4 18. fxe5 e3 19. Qd3 Rf2 20. h3 Bf5 21. Qc3 Rxg2+ 22. Kxg2 Be4+ 23. Kg1 Qh5 24. Nf4 Qh6 25. Qe1 Rf8 26. Qe2 Nf2 27. Rxf2 exf2+ 28. Kxf2 Rxf4+ 29. gxf4 Qxf4+ 30. Ke1 Bd8 31. Bc1 Bh4+ 32. Kd1 Qf5 33. Kd2 dxe5 34. Bb2 Bg5+ 35. Ke1 Bd3 36. Qg2 Bh4+ 37. Kd2 Bg5+ 38. Ke1 Bh4+ 39. Kd2 Bc2 40. Rg1 g6 41. Nc3 Bf2 42. Nd1 Bxg1 43. Qxg1 Qd3+ 44. Kc1 Bxb3 45. Ne3 exd4 46. Bxd4 Qxd4 47. Qg3 Qc3+ 48. Kb1 Bc2+ 49. Kc1 Bb3+ 50. Kb1 Bxc4 51. Qf4 Bd3+ 52. Ka2 Qc1 0-1

[Event "1st SOA-GM Festival 2024"]
[Site "Bhubaneswar"]
[Date "2024.02.01"]
[Round "1.9"]
[White "Tahbaz, Arash"]
[Black "Mahindrakar Indrajeet"]
[Result "1-0"]
[WhiteElo "2425"]
[BlackElo "2039"]
[PlyCount "63"]
[EventDate "2024.02.01"]
[EventType "swiss"]
[EventCountry "IND"]
[TimeControl "5400+30"]

1. Nf3 Nf6 2. g3 g6 3. Bg2 Bg7 4. O-O d5 5. d3 c5 6. Nbd2 Nc6 7. e4 O-O 8. Re1 e6 9. Qe2 b5 10. Nf1 a5 11. e5 Nd7 12. Bf4 b4 13. h4 Ba6 14. Qe3 Qc7 15. N1h2 Nd4 16. Nxd4 cxd4 17. Qe2 Rfc8 18. Rac1 Bb5 19. Ng4 Ra6 20. h5 Rc6 21. Nf6+ Bxf6 22. exf6 Qb6 23. hxg6 fxg6 24. f7+ Kxf7 25. Bxd5 Nf6 26. Bxc6 Rxc6 27. Be5 Nd7 28. Qg4 Nxe5 29. Rxe5 Kg7 30. Rce1 Rc7 31. Rxe6 Qa7 32. Qg5 1-0

[Event "1st SOA-GM Festival 2024"]
[Site "Bhubaneswar"]
[Date "2024.02.01"]
[Round "1.10"]
[White "Vignesh Advaith Vemula"]
[Black "Kaustuv, Kundu"]
[Result "1-0"]
[WhiteElo "2028"]
[BlackElo "2423"]
[PlyCount "69"]
[EventDate "2024.02.01"]
[EventType "swiss"]
[EventCountry "IND"]
[TimeControl "5400+30"]

1. e4 c5 2. Nf3 Nc6 3. d4 cxd4 4. Nxd4 e6 5. Nc3 Qc7 6. Be2 a6 7. O-O Nf6 8. Be3 Be7 9. f4 d6 10. Kh1 O-O 11. Qe1 Nxd4 12. Bxd4 b5 13. Qg3 Bb7 14. a3 Rad8 15. Rae1 g6 16. Bd3 Nh5 17. Qf2 Rd7 18. f5 e5 19. Be3 Bf6 20. Nd5 Bxd5 21. exd5 Qd8 22. g3 Bg7 23. Qf3 Re8 24. Be4 Qc8 25. Bg5 Rc7 26. c3 a5 27. Bd3 Qb7 28. g4 gxf5 29. gxh5 e4 30. Qg2 Kf8 31. h6 Bh8 32. Be2 Qxd5 33. Rd1 Qc5 34. Qh3 Re5 35. Be3 1-0

[Event "1st SOA-GM Festival 2024"]
[Site "Bhubaneswar"]
[Date "2024.02.01"]
[Round "1.11"]
[White "Sidhant, Mohapatra"]
[Black "Abhay Bandewar"]
[Result "1/2-1/2"]
[WhiteElo "2421"]
[BlackElo "2025"]
[PlyCount "109"]
[EventDate "2024.02.01"]
[EventType "swiss"]
[EventCountry "IND"]
[TimeControl "5400+30"]

1. d4 d5 2. Nf3 e6 3. c4 c6 4. e3 Nf6 5. b3 Be7 6. Bd3 b6 7. Bb2 Bb7 8. O-O O-O 9. Nbd2 Nbd7 10. Qc2 h6 11. Rad1 c5 12. cxd5 Nxd5 13. Qb1 cxd4 14. Bxd4 Bf6 15. Qb2 e5 16. Nxe5 Nxe5 17. Bxe5 Nxe3 18. fxe3 Bxe5 19. Qxe5 Qxd3 20. Nc4 Qg6 21. Rf2 Rad8 22. Nd6 Rd7 23. Rd4 Qg5 24. Nf5 Rxd4 25. exd4 Kh7 26. h4 Qf6 27. Qxf6 gxf6 28. Nd6 Bd5 29. Rf5 Be6 30. Rxf6 Kg7 31. Rf4 Rd8 32. Nb5 Rc8 33. Rf3 Rc1+ 34. Rf1 Rc2 35. Rf2 Rc1+ 36. Kh2 a6 37. Na3 Rd1 38. Nc2 Rd3 39. Re2 a5 40. Kg1 Rd1+ 41. Kh2 Rd3 42. Re4 Rd2 43. Ne3 b5 44. Re5 Rxd4 45. Rxb5 a4 46. h5 axb3 47. axb3 Rd3 48. Nc4 Rc3 49. Na5 Bd7 50. Rb7 Bf5 51. b4 Rc2 52. Re7 Be6 53. b5 Rb2 54. Rb7 Bd5 55. Rb8 1/2-1/2

[Event "1st SOA-GM Festival 2024"]
[Site "Bhubaneswar"]
[Date "2024.02.01"]
[Round "1.12"]
[White "Jai Sankar Subramanian"]
[Black "Adireddy Arjun"]
[Result "0-1"]
[WhiteElo "2025"]
[BlackElo "2415"]
[PlyCount "82"]
[EventDate "2024.02.01"]
[EventType "swiss"]
[EventCountry "IND"]
[TimeControl "5400+30"]

1. e4 c5 2. Nf3 d6 3. d4 cxd4 4. Nxd4 Nf6 5. Nc3 a6 6. h3 e6 7. g4 d5 8. exd5 Nxd5 9. Nde2 Bb4 10. Bg2 O-O 11. O-O Bxc3 12. Nxc3 Nxc3 13. bxc3 Qc7 14. Rb1 Nc6 15. Be3 b5 16. c4 Rb8 17. Qe2 Na5 18. c5 Bb7 19. Bxb7 Rxb7 20. Rfd1 Nc4 21. a4 Qc6 22. axb5 axb5 23. Rb3 f5 24. f4 fxg4 25. hxg4 Rbf7 26. Qg2 Qc7 27. Rf1 Nxe3 28. Rxe3 Rxf4 29. Rxf4 Qxf4 30. Rxe6 Qd4+ 31. Kh1 Qxc5 32. Qe4 Qc8 33. Re7 Qd8 34. Qe6+ Kh8 35. Qd7 Qa8+ 36. Kg1 Qa1+ 37. Kg2 Qf1+ 38. Kh2 Rf2+ 39. Kg3 Qg2+ 40. Kh4 Qh2+ 41. Kg5 Qh6# 0-1

[Event "1st SOA-GM Festival 2024"]
[Site "Bhubaneswar"]
[Date "2024.02.01"]
[Round "1.13"]
[White "Namitbir Singh Walia"]
[Black "Patil Priyanshu"]
[Result "1-0"]
[WhiteElo "2408"]
[BlackElo "2022"]
[PlyCount "79"]
[EventDate "2024.02.01"]
[EventType "swiss"]
[EventCountry "IND"]
[TimeControl "5400+30"]

1. e4 c5 2. Nf3 d6 3. d4 cxd4 4. Nxd4 Nf6 5. Nc3 a6 6. h3 e6 7. g4 Nfd7 8. Bg2 Be7 9. g5 Nc6 10. h4 Qb6 11. Nb3 Qc7 12. f4 b5 13. Be3 Bb7 14. Qe2 b4 15. Na4 Rc8 16. Qf2 Na5 17. Nxa5 Qxa5 18. b3 Qc7 19. O-O-O Bc6 20. Nb6 Nxb6 21. Bxb6 Qb7 22. Rhe1 O-O 23. Kb1 a5 24. Bd4 a4 25. Ba1 Rfd8 26. Qd4 Bf8 27. h5 Re8 28. g6 fxg6 29. hxg6 h6 30. Bf1 e5 31. fxe5 dxe5 32. Bc4+ Kh8 33. Qe3 Qe7 34. Rh1 Red8 35. Rdf1 Rd7 36. Bxe5 Qxe5 37. Rxf8+ Rxf8 38. Rxh6+ gxh6 39. Qxh6+ Rh7 40. Qxh7# 1-0

[Event "1st SOA-GM Festival 2024"]
[Site "Bhubaneswar"]
[Date "2024.02.01"]
[Round "1.14"]
[White "Roneet Das"]
[Black "Panda Sambit"]
[Result "0-1"]
[WhiteElo "2018"]
[BlackElo "2404"]
[PlyCount "82"]
[EventDate "2024.02.01"]
[EventType "swiss"]
[EventCountry "IND"]
[TimeControl "5400+30"]

1. d4 Nf6 2. Bf4 d5 3. e3 e6 4. Nd2 c5 5. Ngf3 Nc6 6. c3 cxd4 7. exd4 Nh5 8. Bg3 g6 9. Be2 Bg7 10. Nb3 O-O 11. O-O Nxg3 12. hxg3 b6 13. Nc1 f6 14. Bb5 Qd6 15. Re1 Bd7 16. Nd3 a6 17. Ba4 Rae8 18. Nf4 Kh8 19. Bc2 Re7 20. Qd3 a5 21. Rad1 Be8 22. Ne2 Bf7 23. g4 e5 24. dxe5 fxe5 25. Ng3 Qc5 26. Ng5 Bg8 27. Qe2 e4 28. Nh3 Ne5 29. Bb3 b5 30. a3 a4 31. Ba2 Nd3 32. Rf1 Be5 33. Rxd3 exd3 34. Qxd3 Bg7 35. Bb1 d4 36. Ne4 Qc4 37. Nd6 Qxd3 38. Bxd3 dxc3 39. Bxb5 cxb2 40. Bxa4 Ba2 41. Bc2 Rc7 0-1

[Event "1st SOA-GM Festival 2024"]
[Site "Bhubaneswar"]
[Date "2024.02.01"]
[Round "1.15"]
[White "Ritviz, Parab"]
[Black "Galas, Bernadette"]
[Result "1-0"]
[WhiteElo "2391"]
[BlackElo "2012"]
[PlyCount "59"]
[EventDate "2024.02.01"]
[EventType "swiss"]
[EventCountry "IND"]
[TimeControl "5400+30"]

1. e4 c5 2. Nc3 Nc6 3. f4 g6 4. Nf3 Bg7 5. Bb5 Nd4 6. O-O Nxb5 7. Nxb5 a6 8. Nc3 d6 9. d3 b5 10. Qe1 b4 11. Nd5 Nf6 12. Ne3 Ng4 13. Nc4 O-O 14. a3 Be6 15. Qh4 Nf6 16. Ne3 Qc8 17. f5 Bd7 18. Nc4 Qc7 19. Bh6 Be6 20. Ne3 Bd7 21. Nc4 Bb5 22. Ng5 Bxc4 23. dxc4 Qd7 24. fxg6 Qg4 25. Qxg4 Nxg4 26. Bxg7 Kxg7 27. gxf7 Kg6 28. h4 h6 29. Ne6 Rxf7 30. h5+ 1-0

[Event "1st SOA-GM Festival 2024"]
[Site "Bhubaneswar"]
[Date "2024.02.01"]
[Round "1.16"]
[White "Jaiswal, Rupesh"]
[Black "Audi Ameya"]
[Result "0-1"]
[WhiteElo "2009"]
[BlackElo "2385"]
[PlyCount "79"]
[EventDate "2024.02.01"]
[EventType "swiss"]
[EventCountry "IND"]
[TimeControl "5400+30"]

1. e4 e5 2. Nf3 Nc6 3. d4 exd4 4. Nxd4 Qf6 5. Be3 Bc5 6. c3 Nge7 7. Bb5 O-O 8. O-O Bb6 9. f4 d5 10. e5 Qg6 11. Bd3 Nf5 12. Bxf5 Bxf5 13. Nxf5 Qxf5 14. Bxb6 axb6 15. Na3 Qd7 16. Nc2 f6 17. exf6 Rxf6 18. Qd2 Qd6 19. a3 Na5 20. Rae1 Nc4 21. Qc1 Raf8 22. g3 b5 23. Kg2 c5 24. b3 Na5 25. b4 Nc4 26. Qd1 b6 27. Qd3 Rd8 28. Rf2 Re6 29. Rxe6 Qxe6 30. Re2 Qf6 31. f5 Rd6 32. g4 h5 33. h3 hxg4 34. hxg4 Qg5 35. Kg3 Qd8 36. Kf4 Rh6 37. Re6 Qc7+ 38. Kg5 Ne5 39. Re8+ Kh7 40. Kf4 0-1

[Event "1st SOA-GM Festival 2024"]
[Site "Bhubaneswar"]
[Date "2024.02.01"]
[Round "1.17"]
[White "Subhayan Kundu"]
[Black "Dhrupad Kashyap"]
[Result "1/2-1/2"]
[WhiteElo "2385"]
[BlackElo "1998"]
[PlyCount "92"]
[EventDate "2024.02.01"]
[EventType "swiss"]
[EventCountry "IND"]
[TimeControl "5400+30"]

1. e4 c5 2. Nf3 d6 3. d4 cxd4 4. Nxd4 Nf6 5. f3 Nc6 6. c4 Qb6 7. Nc2 g6 8. Nc3 Bg7 9. Rb1 Nb4 10. Nxb4 Qxb4 11. a3 Qb6 12. Qd3 Be6 13. b3 O-O 14. Nb5 d5 15. Be3 dxc4 16. bxc4 Qa6 17. Qd2 Rfd8 18. Qb4 Qc6 19. Nd4 Qc8 20. c5 a5 21. Qb6 Nd7 22. Qb5 Nxc5 23. Nxe6 Nxe6 24. Bc4 Nd4 25. Bxd4 Bxd4 26. Ke2 Qc7 27. g3 Qc8 28. h3 Ra6 29. Bd3 Rc6 30. Qxa5 Bc3 31. Qb5 Qe6 32. Rb3 Rxd3 33. Kxd3 Qd7+ 34. Kc2 Bb4+ 35. Kb1 Rc1+ 36. Rxc1 Qxb5 37. axb4 Kg7 38. h4 h5 39. f4 e5 40. fxe5 Qe2 41. b5 Qxe4+ 42. Ka2 b6 43. Rc6 Qa4+ 44. Kb2 Qd4+ 45. Ka2 Qa4+ 46. Kb2 Qd4+ 1/2-1/2

[Event "1st SOA-GM Festival 2024"]
[Site "Bhubaneswar"]
[Date "2024.02.01"]
[Round "1.18"]
[White "Daaevik Wadhawan"]
[Black "Tologon tegin, Semetei"]
[Result "0-1"]
[WhiteElo "1997"]
[BlackElo "2384"]
[PlyCount "70"]
[EventDate "2024.02.01"]
[EventType "swiss"]
[EventCountry "IND"]
[TimeControl "5400+30"]

1. c4 b6 2. Nc3 Bb7 3. e4 e6 4. g3 f5 5. Bg2 Nf6 6. d3 fxe4 7. a3 a5 8. Bg5 Be7 9. dxe4 O-O 10. Bxf6 Bxf6 11. Nge2 Na6 12. O-O Nc5 13. Qc2 a4 14. Rad1 d6 15. Nd4 Qe8 16. Rfe1 Bxd4 17. Rxd4 Qc6 18. Rdd1 Nb3 19. Nb5 e5 20. Re3 Qc5 21. Qe2 Rf6 22. Rf3 Rxf3 23. Bxf3 Rf8 24. Bg4 Ba6 25. Bd7 Bxb5 26. cxb5 Nd4 27. Qd3 Nf3+ 28. Kg2 Ne1+ 29. Rxe1 Qxf2+ 30. Kh3 Qxe1 31. Qc4+ Kh8 32. Bf5 g6 33. Qxc7 gxf5 34. Qxd6 Qf1+ 35. Kh4 fxe4 0-1

[Event "1st SOA-GM Festival 2024"]
[Site "Bhubaneswar"]
[Date "2024.02.01"]
[Round "1.19"]
[White "Ayush Sharma"]
[Black "Fredericia, Louise"]
[Result "1-0"]
[WhiteElo "2378"]
[BlackElo "1990"]
[PlyCount "49"]
[EventDate "2024.02.01"]
[EventType "swiss"]
[EventCountry "IND"]
[TimeControl "5400+30"]

1. e4 c5 2. Nf3 Nc6 3. Nc3 g6 4. d4 cxd4 5. Nxd4 Bg7 6. Be3 Nf6 7. Bc4 O-O 8. Bb3 Qa5 9. O-O d6 10. Nd5 Re8 11. Re1 Bd7 12. Bd2 Qd8 13. Bc3 Nh5 14. a4 e5 15. Nb5 Qg5 16. Nxd6 Bh3 17. Qf3 Be6 18. Nc7 Re7 19. Nxa8 Nd4 20. Bxd4 exd4 21. Bxe6 fxe6 22. e5 Bxe5 23. h4 Qf4 24. Qxf4 Bxf4 25. Nb5 1-0

[Event "1st SOA-GM Festival 2024"]
[Site "Bhubaneswar"]
[Date "2024.02.01"]
[Round "1.20"]
[White "Pattnayak Nilsu"]
[Black "Gonzales, Jayson"]
[Result "1/2-1/2"]
[WhiteElo "1987"]
[BlackElo "2367"]
[PlyCount "68"]
[EventDate "2024.02.01"]
[EventType "swiss"]
[EventCountry "IND"]
[TimeControl "5400+30"]

1. e4 g6 2. d4 Bg7 3. Nf3 d6 4. Nc3 Nf6 5. Bd3 O-O 6. O-O Nc6 7. h3 e5 8. dxe5 dxe5 9. Be3 Qe7 10. Bg5 Be6 11. Nd5 Bxd5 12. exd5 Nb4 13. Re1 Qd6 14. Nxe5 Nfxd5 15. Nc4 Qc5 16. c3 Nxd3 17. Qxd3 Nb4 18. Qd2 Nc6 19. Na3 Rfe8 20. Rxe8+ Rxe8 21. Be3 Qf5 22. Rd1 Ne5 23. Nc2 Bf6 24. b3 c5 25. Bxc5 Nf3+ 26. gxf3 Qxc5 27. c4 Qh5 28. Kg2 Bg5 29. Ne3 Bxe3 30. fxe3 Qg5+ 31. Kf2 Qh4+ 32. Kg2 Qg5+ 33. Kf2 Qh4+ 34. Kg2 Qg5+ 1/2-1/2

[Event "1st SOA-GM Festival 2024"]
[Site "Bhubaneswar"]
[Date "2024.02.01"]
[Round "2.1"]
[White "Roy Chowdhury, Saptarshi"]
[Black "Ghosh, Diptayan"]
[Result "1/2-1/2"]
[WhiteElo "2233"]
[BlackElo "2568"]
[PlyCount "66"]
[EventDate "2024.02.01"]
[EventType "swiss"]
[EventCountry "IND"]
[TimeControl "5400+30"]

1. e4 c6 2. Nc3 d5 3. Nf3 dxe4 4. Nxe4 Nf6 5. Qe2 Nxe4 6. Qxe4 Nd7 7. Bc4 Nf6 8. Qe2 Bf5 9. d4 e6 10. h3 Be7 11. O-O Bg6 12. c3 Nd7 13. Ne5 Nxe5 14. Qxe5 O-O 15. Bf4 Rc8 16. Rad1 Re8 17. Rfe1 Qb6 18. Qe2 Rcd8 19. Rd2 Qa5 20. b4 Qb6 21. Qg4 Ra8 22. Qg3 Qd8 23. Bc7 Bh4 24. Qh2 Qd7 25. Rde2 h6 26. Bg3 Bd8 27. Bf4 a5 28. Qg3 Kh7 29. a3 axb4 30. axb4 Bf6 31. Be5 Qd8 32. Bxf6 Qxf6 33. Re5 Kh8 1/2-1/2

[Event "1st SOA-GM Festival 2024"]
[Site "Bhubaneswar"]
[Date "2024.02.01"]
[Round "2.2"]
[White "Fawzy, Adham"]
[Black "Frayna, Janelle Mae"]
[Result "1-0"]
[WhiteElo "2522"]
[BlackElo "2197"]
[PlyCount "133"]
[EventDate "2024.02.01"]
[EventType "swiss"]
[EventCountry "IND"]
[TimeControl "5400+30"]

1. e4 e5 2. Nf3 Nf6 3. Nxe5 d6 4. Nf3 Nxe4 5. Nc3 Nxc3 6. dxc3 Be7 7. Bf4 O-O 8. Qd2 Nd7 9. Be2 Nc5 10. Rd1 Re8 11. O-O Bf6 12. Rfe1 Bg4 13. h3 Ne4 14. Qd5 c6 15. Qb3 Bc8 16. Bf1 Qb6 17. Nd4 Bd7 18. f3 Nc5 19. Rxe8+ Bxe8 20. Qxb6 axb6 21. Bxd6 Rxa2 22. Bc4 Ra8 23. Nf5 Na4 24. Ra1 b5 25. Bb3 Bd7 26. Ng3 Be6 27. Ne4 Bd8 28. Bxe6 fxe6 29. Kf1 Bf6 30. Ra2 Rd8 31. Ke2 Kf7 32. Bb4 Kg6 33. b3 Nb6 34. Ra7 Rd7 35. Nc5 Rf7 36. Rxb7 Rxb7 37. Nxb7 Nd5 38. Na5 c5 39. Bxc5 Bxc3 40. Nc6 Nf4+ 41. Kf2 h5 42. Bd4 Bxd4+ 43. Nxd4 b4 44. h4 Kf6 45. Nc6 Nd5 46. g3 g5 47. hxg5+ Kxg5 48. Ke2 Kf5 49. Kd3 e5 50. Kc4 Ne3+ 51. Kxb4 Nxc2+ 52. Kc5 Ne1 53. b4 Nxf3 54. b5 Ng5 55. Kd5 Nh7 56. Ne7+ Kg4 57. Ng8 e4 58. Kxe4 Ng5+ 59. Kd5 Nf7 60. Nh6+ Nxh6 61. b6 Nf5 62. b7 Nxg3 63. b8=Q h4 64. Qb2 h3 65. Ke5 Kf3 66. Qh2 Kg4 67. Qf2 1-0

[Event "1st SOA-GM Festival 2024"]
[Site "Bhubaneswar"]
[Date "2024.02.01"]
[Round "2.3"]
[White "Nilssen, Ellen Fredericia"]
[Black "Das, Sayantan"]
[Result "1-0"]
[WhiteElo "2184"]
[BlackElo "2514"]
[PlyCount "145"]
[EventDate "2024.02.01"]
[EventType "swiss"]
[EventCountry "IND"]
[TimeControl "5400+30"]

1. d4 d5 2. c4 e6 3. Nc3 Nf6 4. cxd5 exd5 5. Bg5 Bb4 6. e3 h6 7. Bh4 g5 8. Bg3 Ne4 9. Nge2 h5 10. h4 Bg4 11. f3 Nxg3 12. Nxg3 Be6 13. Qa4+ Nc6 14. Bb5 Bd7 15. Nge2 gxh4 16. O-O-O Bd6 17. Nxd5 a6 18. Bxc6 Bxc6 19. Qb3 Qg5 20. Ndf4 O-O-O 21. Kb1 Rde8 22. Rc1 Bb5 23. Nc3 Rxe3 24. Nfd5 Rd3 25. Ne4 Qd8 26. Nxd6+ Qxd6 27. Nxc7 Kb8 28. Nxb5 Qg6 29. Qc2 axb5 30. Rxh4 Re8 31. Rxh5 Rxd4 32. Qxg6 fxg6 33. Rxb5 Re2 34. g4 Rf2 35. Rb3 Rf4 36. Re1 R4xf3 37. Rxf3 Rxf3 38. Re6 Rf1+ 39. Kc2 Rf2+ 40. Kc3 Rf3+ 41. Kd4 Rf2 42. b4 Rxa2 43. Rxg6 Rg2 44. Kc5 Ka7 45. Rg7 Rc2+ 46. Kb5 Rg2 47. Rg8 Rg1 48. g5 Rg2 49. Kc5 Rc2+ 50. Kd5 Rb2 51. Ke6 Rxb4 52. Rd8 Rg4 53. Kf5 Rg1 54. g6 Ka6 55. Rd4 b5 56. Rg4 Rf1+ 57. Ke6 Re1+ 58. Kf7 Rf1+ 59. Kg8 Ka5 60. g7 Rc1 61. Kf7 Rc8 62. g8=Q Rxg8 63. Rxg8 Kb4 64. Ke6 Kc4 65. Rc8+ Kd4 66. Rb8 Kc4 67. Ke5 b4 68. Ke4 Kc3 69. Ke3 b3 70. Rc8+ Kb2 71. Kd2 Ka1 72. Rb8 Kb2 73. Rb7 1-0

[Event "1st SOA-GM Festival 2024"]
[Site "Bhubaneswar"]
[Date "2024.02.01"]
[Round "2.4"]
[White "Savchenko, Boris"]
[Black "Aakash Sharadchandra, Dalvi"]
[Result "0-1"]
[WhiteElo "2489"]
[BlackElo "2180"]
[PlyCount "118"]
[EventDate "2024.02.01"]
[EventType "swiss"]
[EventCountry "IND"]
[TimeControl "5400+30"]

1. d4 d5 2. Bf4 Nf6 3. e3 c5 4. c3 Nc6 5. Nd2 Bf5 6. Qb3 Qd7 7. Ngf3 c4 8. Qa4 a6 9. Nh4 e6 10. Nxf5 exf5 11. g3 Bd6 12. Bxd6 Qxd6 13. Qc2 g6 14. Bg2 O-O 15. O-O b5 16. f3 Rfe8 17. Rae1 Rad8 18. Re2 Qc7 19. Rfe1 Re7 20. b3 Rde8 21. bxc4 dxc4 22. Qb2 Nxd4 23. cxd4 c3 24. Qb3 cxd2 25. Rxd2 Rxe3 26. Rxe3 Qc1+ 27. Bf1 Qxd2 28. Rxe8+ Nxe8 29. Qd5 Kg7 30. Qc6 Qxd4+ 31. Kg2 Qd2+ 32. Kg1 Qe3+ 33. Kg2 Qe6 34. Qc3+ Nf6 35. Qa1 Qc6 36. Bd3 Kg8 37. Qd4 Nd7 38. Kf2 h5 39. Ke2 Qe6+ 40. Kf1 Ne5 41. Be2 Nc6 42. Qc5 Ne7 43. Ke1 Nd5 44. Kd2 f4 45. a3 fxg3 46. hxg3 Ne7 47. Bd3 Nf5 48. g4 hxg4 49. fxg4 Nh6 50. g5 Ng4 51. Kc3 Ne5 52. Be4 Qc4+ 53. Qxc4 Nxc4 54. a4 Nd6 55. Bd3 bxa4 56. Kb4 Kf8 57. Kxa4 Ke7 58. Kb4 Ke6 59. Kc5 Ke5 0-1